 Dungeon Crawl Stone Soup version 0.29.1-4-g47bece8355 (webtiles) character file.

Game seed: 1681340380391049649

613639 wingedge the Warrior (level 24, -20/214 HPs)
             Began as a Demigod Ice Elementalist on Dec 2, 2022.
             Demolished by a death cob (25 damage)
             ... on level 1 of the Realm of Zot on Dec 4, 2022.
             The game lasted 08:38:04 (90843 turns).

wingedge the Warrior (Demigod Ice Elementalist)    Turns: 90843, Time: 08:38:04

Health: -20/214    AC: 20    Str:  7    XL:     24   Next: 49%
Magic:  6/47       EV: 20    Int: 62    God:
Gold:   1228       SH:  9    Dex: 25    Spells: 1/52 levels left

rFire   + + .      SeeInvis +   b - +9 trident (spect)
rCold   + + +      Faith    .   D - +1 buckler of Eternal Night {Int+5}
rNeg    + + +      Spirit   .   t - +1 leather armour "Mujaetuq" {rCorr Dex+5 SInv Stlth-}
rPois   ∞          Reflect  .   B - +2 helmet {Int+3}
rElec   +          Harm     .   O - scarf {rC+ rF+}
rCorr   +          Rampage  .   Z - +2 pair of gloves
Will    +++++                   G - +1 pair of boots of Munul {rElec rN+ Will+ Int+2}
Stlth   +++.......              M - amulet of regeneration
HPRegen 1.25/turn               Q - ring "Peegg" {Contam +Blink rPois rC++ Dex+6}
MPRegen 0.30/turn               P - ring of Jesher {Fly rC+ Will+ rCorr Int+3}

@: lich-form, death channelling, flying, slowed, studying 2 skills, very slow
A: draining attack, torment immunity, no potions, high MP 1, forlorn, divine
attributes, fire resistance 1, electricity resistance, weak 1
}: 5/15 runes: barnacled, slimy, silver, abyssal, gossamer
a: End Transformation, Evoke Blink


You were on level 1 of the Realm of Zot.
You were an undead lich.
You visited 10 branches of the dungeon, and saw 49 of its levels.
You visited the Abyss 2 times.
You visited 2 bazaars.
You also visited: Trove, Sewer, Ice Cave and Wizlab.

You collected 7988 gold pieces.
You spent 6760 gold pieces at shops.

Inventory:

Hand Weapons
 a - the +14 lance "Wyrmbane" {slay drac, rPois rF+ rC+ AC+3}
   (You took it off Maggie on level 8 of the Dungeon)

   It inflicts extra damage against dragons and draconians.
   AC:        It affects your AC (+3).
   rF:        It protects you from fire.
   rC:        It protects you from cold.
   rPois:     It protects you from poison.
 b - a +9 spectral trident (weapon)
 d - a +9 demon trident of draining
 f - the +10 dagger of Depsuegh {protect, Fly rF++ rC- Int+4}
   (You took it off a deep elf death mage on level 3 of the Elven Halls)

   It grants its wielder temporary protection when it strikes (+7 to AC).
   Int:       It affects your intelligence (+4).
   rF:        It greatly protects you from fire.
   rC:        It makes you vulnerable to cold.
   Fly:       It grants you flight.
 s - the +0 staff of Battle
   (You found it on level 5 of the Pits of Slime)

   It enhances your conjuration magic.
   It summons a battlesphere in combat, with strength depending on Conjurations
   skill.
   Its strikes trigger the battlesphere's blasts.
 w - a +9 demon trident of flaming
Missiles
 z - 6 silver javelins
 F - 5 throwing nets (quivered)
Armour
 h - the +0 buckler of Subjectivity {+Inv rElec rN+}
   (You bought it in a shop in a bazaar)

   rElec:     It insulates you from electricity.
   rN:        It protects you from negative energy.
   +Inv:      It lets you turn invisible.
 t - the +1 leather armour "Mujaetuq" (worn) {rCorr Dex+5 SInv Stlth-}
   (You found it on level 13 of the Dungeon)

   Dex:       It affects your dexterity (+5).
   SInv:      It lets you see invisible.
   rCorr:     It protects you from acid and corrosion.
   Stlth:     It makes you less stealthy.
 B - a +2 helmet of intelligence (worn)
 D - the +1 buckler of Eternal Night (worn) {Int+5}
   (You bought it in a shop on level 2 of the Orcish Mines)

   Int:       It affects your intelligence (+5).
 G - the +1 pair of boots of Munul (worn) {rElec rN+ Will+ Int+2}
   (You found it on level 3 of the Shoals)

   Int:       It affects your intelligence (+2).
   rElec:     It insulates you from electricity.
   rN:        It protects you from negative energy.
   Will:      It increases your willpower.
 O - a scarf of resistance (worn)
 U - the +2 cloak of the Thief {*Fog Slay-2 SInv Stlth+}
   (You found it in a wizard's laboratory)

   It may release a thick cloud of smoke when the wearer is hurt.
   Slay:      It affects your accuracy & damage with ranged weapons and melee
   (-2).
   SInv:      It lets you see invisible.
   Stlth:     It makes you more stealthy.
 Z - a +2 pair of gloves (worn)
Magical Staves
 e - a staff of earth
Jewellery
 K - the ring "Saonnicy" {EV+4 Int+5}
   (You found it on level 2 of the Dungeon)

   [ring of evasion]

   EV:        It affects your evasion (+4).
   Int:       It affects your intelligence (+5).
 M - an amulet of regeneration (around neck)
 P - the ring of Jesher (right hand) {Fly rC+ Will+ rCorr Int+3}
   (You bought it in a shop on level 8 of the Dungeon)

   [ring of flight]

   Int:       It affects your intelligence (+3).
   rC:        It protects you from cold.
   Fly:       It grants you flight.
   rCorr:     It protects you from acid and corrosion.
   Will:      It increases your willpower.
 Q - the ring "Peegg" (left hand) {Contam +Blink rPois rC++ Dex+6}
   (You found it in an ice cave)

   [ring of dexterity]

   Dex:       It affects your dexterity (+6).
   rC:        It greatly protects you from cold.
   rPois:     It protects you from poison.
   +Blink:    It lets you blink.
   Contam:    It causes magical contamination when unequipped.
 V - the ring "Guubiom" {Wiz rF++ MP+9 Str-4}
   (You took it off a deep elf demonologist on level 3 of the Elven Halls)

   [ring of wizardry]

   It improves your spell success rate.
   Str:       It affects your strength (-4).
   rF:        It greatly protects you from fire.
   MP:        It affects your magic capacity (+9).
Wands
 j - a wand of paralysis (34)
 p - a wand of quicksilver (8)
 N - a wand of digging (26)
Scrolls
 i - 20 scrolls of teleportation
 m - a scroll of amnesia
 o - 11 scrolls of magic mapping
 v - 2 scrolls of enchant armour
 x - 9 scrolls of vulnerability
 y - 9 scrolls of immolation
 I - 5 scrolls of fear
 X - a scroll of torment
Potions
 g - 7 potions of mutation
 k - 4 potions of haste
 l - 5 potions of cancellation
 q - 7 potions of lignification
 u - 11 potions of might
 A - 11 potions of curing
 C - 5 potions of brilliance
 H - a potion of ambrosia
 L - 6 potions of invisibility
 Y - 4 potions of resistance
Miscellaneous
 r - a phantom mirror (inert)
 E - a condenser vane (inert)
 R - a box of beasts
 W - a phial of floods (inert)


   Skills:
 - Level 17.0 Fighting
 - Level 13.6(14.0) Polearms
 - Level 5.1(10.2) Staves
 - Level 2.0 Throwing
 - Level 8.0 Armour
 - Level 11.0 Dodging
 - Level 7.0 Stealth
 - Level 11.0 Shields
 * Level 14.7 Spellcasting
 * Level 14.2 Conjurations
 - Level 4.0 Hexes
 - Level 5.0 Summonings
 - Level 13.0 Necromancy
 - Level 13.0 Transmutations
 + Level 5.4 Fire Magic
 - Level 13.0 Ice Magic
 - Level 4.0 Air Magic
 - Level 16.0 Earth Magic
 - Level 1.0 Poison Magic
 * Level 5.4 Evocations


You had one spell level left.
You knew the following spells:

 Your Spells              Type           Power      Damage    Failure   Level
a - Death Channel         Necr           71%        N/A       1%          6
b - Ozocubu's Armour      Ice            100%       N/A       0%          3
c - Necromutation         Tmut/Necr      71%        N/A       13%         8
d - Spellforged Servitor  Conj/Summ      52%        N/A       7%          7
e - Lehudib's Crystal Sp  Conj/Erth      62%        10d14     5%          8
f - Yara's Violent Unrav  Hex/Tmut       50%        3d19      1%          5
g - Lee's Rapid Deconstr  Erth           63%        3d30*     0%          5
h - Sublimation of Blood  Necr           100%       N/A       0%          2
i - Magic Dart            Conj           100%       1d8       0%          1
j - Wereblood             Tmut           100%       N/A       0%          2
k - Passage of Golubria   Tloc           45%        N/A       4%          4

Your spell library contained the following spells:

 Spells                   Type           Power      Damage    Failure   Level
 Freeze                   Ice            100%       1d11      0%          1
 Sandblast                Erth           100%       2d20      0%          1
 Apportation              Tloc           90%        N/A       1%          1
 Sting                    Tmut/Pois      100%       1d8       1%          1
 Summon Small Mammal      Summ           100%       N/A       1%          1
 Passwall                 Tmut/Erth      100%       N/A       0%          2
 Searing Ray              Conj           100%       2d8       0%          2
 Static Discharge         Conj/Air       100%       3-16/arc  0%          2
 Frozen Ramparts          Ice            100%       1d16      0%          3
 Stone Arrow              Conj/Erth      100%       3d13      0%          3
 Hailstorm                Conj/Ice       100%       3d20      0%          4
 Petrify                  Tmut/Erth      100%       N/A       0%          4
 Blink                    Tloc           90%        N/A       1%          2
 Call Imp                 Summ           82%        N/A       1%          2
 Ensorcelled Hibernation  Hex/Ice        100%       N/A       1%          2
 Poisonous Vapours        Pois/Air       100%       N/A       1%          2
 Scorch                   Fire           100%       2d10      1%          2
 Call Canine Familiar     Summ           82%        N/A       1%          3
 Confusing Touch          Hex            76%        N/A       1%          3
 Conjure Flame            Conj/Fire      100%       6-21      1%          3
 Dazzling Flash           Conj/Hex       100%       N/A       1%          3
 Gell's Gravitas          Tloc           45%        N/A       1%          3
 Ignite Poison            Fire/Tmut/Pois 90%        N/A       1%          3
 Inner Flame              Hex/Fire       81%        N/A       1%          3
 Lesser Beckoning         Tloc           45%        N/A       1%          3
 Mephitic Cloud           Conj/Pois/Air  90%        N/A       1%          3
 Portal Projectile        Hex/Tloc       100%       N/A       1%          3
 Summon Guardian Golem    Hex/Summ       79%        N/A       1%          3
 Swiftness                Air            76%        N/A       1%          3
 Teleport Other           Tloc           45%        N/A       1%          3
 Tukima's Dance           Hex            76%        N/A       1%          3
 Airstrike                Air            38%        2d(6-22)  1%          4
 Anguish                  Hex/Necr       61%        N/A       1%          4
 Animate Armour           Summ/Erth      100%       N/A       1%          4
 Animate Dead             Necr           100%       N/A       1%          4
 Cause Fear               Hex            38%        N/A       1%          4
 Corpse Rot               Necr/Pois/Air  100%       N/A       1%          4
 Dispel Undead            Necr           100%       3d31      1%          4
 Flame Wave               Conj/Fire      100%       2d21      1%          4
 Fulminant Prism          Conj/Hex       51%        3d23      1%          4
 Ice Form                 Ice/Tmut       100%       N/A       1%          4
 Iskenderun's Mystic Bla  Conj/Tloc      93%        2d18      1%          4
 Summon Ice Beast         Ice/Summ       100%       N/A       1%          4
 Summon Lightning Spire   Summ/Air       79%        N/A       1%          4
 Alistair's Intoxication  Tmut/Pois      62%        N/A       1%          5
 Blade Hands              Tmut           59%        N/A       1%          5
 Borgnjor's Vile Clutch   Necr/Erth      73%        N/A       1%          5
 Freezing Cloud           Conj/Ice/Air   54%        6-21      1%          5
 Irradiate                Conj/Tmut      60%        3d31      1%          5
 Iskenderun's Battlesphe  Conj           100%       2d15      1%          5
 Lightning Bolt           Conj/Air       51%        1d72      1%          5
 Metabolic Englaciation   Hex/Ice        50%        N/A       1%          5
 Summon Mana Viper        Hex/Summ       79%        N/A       1%          5
 Conjure Ball Lightning   Conj/Air       51%        3x3d18    1%          6
 Iron Shot                Conj/Erth      62%        9d12      1%          6
 Simulacrum               Ice/Necr       71%        N/A       1%          6
 Starburst                Conj/Fire      53%        6d14      1%          6
 Dragon Form              Tmut           59%        N/A       1%          7
 Orb of Destruction       Conj           61%        9d15      1%          7
 Ozocubu's Refrigeration  Ice            59%        4d20      1%          7
 Olgreb's Toxic Radiance  Pois           55%        N/A       2%          4
 Silence                  Hex/Air        38%        N/A       2%          5
 Eringya's Noxious Bog    Tmut/Pois      46%        N/A       3%          6
 Summon Forest            Summ/Tloc      33%        N/A       4%          5
 Summon Cactus Giant      Summ           41%        N/A       8%          6
 Haunt                    Necr/Summ      62%        N/A       9%          7
 Manifold Assault         Tloc           45%        N/A       11%         5
 Storm Form               Tmut/Air       50%        N/A       11%         7
 Borgnjor's Revivificati  Necr           71%        N/A       13%         8
 Infestation              Necr           71%        N/A       13%         8
 Monstrous Menagerie      Summ           41%        N/A       41%         7
 Summon Hydra             Summ           41%        N/A       41%         7
 Shatter                  Erth           63%        3d47*     50%         9
 Dispersal                Tloc           22%        N/A       52%         6
 Enfeeble                 Hex            38%        N/A       54%         7
 Malign Gateway           Summ/Tloc      33%        N/A       77%         7
 Death's Door             Necr           71%        N/A       89%         9
 Ignition                 Fire           42%        3d12      96%         8
 Summon Horrible Things   Summ           41%        N/A       98%         8
 Discord                  Hex            38%        N/A       99%         8
 Maxwell's Capacitive Co  Air            38%        ∞         99%         8
 Disjunction              Tloc           22%        N/A       100%        8


Dungeon Overview and Level Annotations

Branches:
Dungeon (15/15)            Temple (0/1) D:6            Lair (5/5) D:8
 Shoals (4/4) Lair:3       Spider (4/4) Lair:3        Slime (5/5) Lair:4
    Orc (2/2) D:10            Elf (3/3) Orc:2        Vaults (5/5) D:14
  Crypt (0/3) Vaults:3     Depths (4/4) D:15            Zot (2/5) Depths:4
  Sewer (visited)           IceCv (visited)          WizLab (visited)

Shops:
D:3 [[**?   D:8 [=[[   Orc:2 [*:?   Shoals:2 (   Shoals:3 :   Vaults:1 =
Vaults:3 :*((   Vaults:5 [   Depths:1 ?   Depths:2 :

Portals:
Hell: Depths:1 Depths:2 Depths:3 Depths:4
Abyss: Depths:3 Depths:4
Pandemonium: Depths:1 Depths:2
Ziggurat: Depths:3

Annotations:
Depths:1 Gucom's ghost, veteran GnFi
Zot:2 Tiamat


Innate Abilities, Weirdness & Mutations

You are an undead lich.
Your unarmed attacks are suffused with negative energy.
You are immune to unholy pain and torment.
Your necromantic spells are more powerful.
You cannot drink.
You are immune to poison.
You have an increased reservoir of magic. (+10% MP)
You shall have no god before yourself.
Your divine heritage dramatically boosts your attributes as you level up.
Your flesh is heat resistant. (rF+)
You are resistant to electric shocks. (rElec)
You are weak. (Str -2)


Message History

Unknown command.
Throw: 9 javelins (silver)
Press: ? - help, Shift-Dir - straight line, f - orb of fire
Aim: an orb of fire (heavily damaged, 47% to hit, chaotic)
You throw a silver javelin.
The silver javelin pierces through the orb of fire but does no damage.
The silver sears the orb of fire!
The orb of fire is heavily damaged.
The death cob is no longer moving slowly.
You block the death cob's attack.
The death cob hits you but does no damage.
The orb of fire glows yellow.
The bolt of fire hits you! You resist.
* * * LOW HITPOINT WARNING * * *
The death cob barely misses you. The death cob hits you!
* * * LOW HITPOINT WARNING * * *
The death cob drains your vigour!
You feel as though you will be slow longer.
Throw: 8 javelins (silver)
Press: ? - help, Shift-Dir - straight line, f/p - orb of fire
Aim: an orb of fire (moderately damaged, 47% to hit, chaotic)
You throw a silver javelin.
The silver javelin completely misses the orb of fire.
The death cob closely misses you. You block the death cob's attack.
The death cob barely misses you.
The orb of fire glows bright magenta.
The bolt of fire hits you! You resist.
* * * LOW HITPOINT WARNING * * *
The death cob closely misses you.
The death cob hits you but does no damage.
Unknown command.
Throw: 7 javelins (silver)
Press: ? - help, Shift-Dir - straight line, f/p - orb of fire
Aim: an orb of fire (moderately damaged, 47% to hit, chaotic)
You throw a silver javelin.
The silver javelin barely misses the orb of fire.
The death cob completely misses you. The death cob hits you!
* * * LOW HITPOINT WARNING * * *
The death cob barely misses you. The death cob hits you!!
You die...

#.........#
###............
####..[####
###..........
#...# ###........
#### #...#####
##.......
##..####..###..##
#.......
#....##..###....#
##......
#....##..##.....#
#......
#....#[.##......#
#......
#.∩.....#....*L.#
#######....).
#......##..#...z#
#............
#.....##..##....#
#............
#....###[.##....#
#............
##..###..####..##
#............
#####...# ####
#......#.....
#...#
#....####....
########.####
#...## ##...
#...# ##...#
#...# ###.


You could see an orb of fire and a death cob.

Vanquished Creatures
  the Royal Jelly (Slime:5)
  A dread lich (Vaults:5)
  2 ancient liches (Vaults:5)
  Mara (Shoals:4)
  A royal mummy (Depths:2)
  Boris (4 times) (Vaults:3 Vaults:4 Depths:1 Depths:2)
  3 curse toes (Zot:1)
  A caustic shrike (Depths:1)
  3 golden dragons
  Arachne (Spider:4)
  A bone dragon (Depths:2)
  A pearl dragon (Abyss:3)
  10 tentacled monstrosities
  Jorgrun (D:12)
  A Hell Sentinel (Abyss:4)
  3 titans (Vaults:5)
  3 walking earthen tomes (Depths:2)
  A walking frostbound tome (Depths:3)
  6 liches
  2 quicksilver dragons
  4 deep elf blademasters
  Asterion (Vaults:3)
  Polyphemus (Shoals:3)
  An ancient champion (Depths:2)
  2 deep elf master archers (Elf:3)
  12 tentacled starspawn
  15 acid blobs
  3 death cobs (Zot:1)
  Kirke (Shoals:1)
  2 Executioners
  2 krakens (Shoals:2)
  7 sphinxes
  3 tengu reavers
  A draconian monk (Zot:1)
  3 revenants
  3 shadow dragons (Vaults:5)
  5 storm dragons
  The ghost of Qeujoin the Impaler, an adept FoAK of Lugonu (Spider:2)
  15 rockslimes
  A daeva (Abyss:4)
  5 iron dragons
  2 draconian knights
  6 frost giants
  4 fire giants
  9 azure jellies
  A balrug (Depths:2)
  Aizul (Spider:3)
  5 draconian scorchers
  The ghost of Xaxav the Warrior, an adept GrMo of Makhleb (D:15)
  6 deep elf sorcerers
  8 emperor scorpions
  Louise (Depths:3)
  3 ghost moths
  2 orc warlords
  19 vault wardens
  A draconian stormcaller (Zot:1)
  2 spriggan defenders (Depths:2)
  27 ironbound preservers
  12 very ugly things
  2 war gargoyles
  8 broodmothers
  2 reapers
  7 quicksilver oozes
  15 stone giants
  A vampire knight (Depths:2)
  8 ironbound thunderhulks
  4 green draconians
  7 deep elf demonologists
  2 purple draconians
  2 black draconians
  4 white draconians
  7 deep elf annihilators
  A lorocyproca (Abyss:4)
  5 entropy weavers
  3 spark wasps
  15 dire elephants
  5 yellow draconians
  4 red draconians
  A blizzard demon (Abyss:4)
  2 green deaths
  6 ettins
  6 merfolk javelineers
  5 eidola
  5 jiangshi
  6 yaktaur captains
  10 merfolk impalers
  24 great orbs of eyes
  12 deep elf death magi
  4 rakshasas
  30 vault guards
  6 fire dragons
  3 deep elf high priests
  9 ice dragons
  Fannar (Lair:2)
  5 boulder beetles
  2 hell beasts (Depths:2)
  4 ogre magi
  A hydra (shapeshifter) (Vaults:4)
  2 alligator snapping turtles
  8 spriggan air magi
  4 merfolk aquamancers
  13 centaur warriors
  A jorogumo (Spider:4)
  An anaconda (shapeshifter) (Depths:1)
  3 catoblepae
  7 hydras
  9 ironbound frosthearts
  2 radroaches (Spider:2)
  A death knight (Abyss:4)
  3 satyrs (Shoals:2)
  10 death yaks
  9 deep troll earth magi
  2 naga warriors (Abyss:4)
  7 merfolk avatars
  8 two-headed ogres
  A hell hog (Depths:4)
  3 death scarabs (Depths:2)
  4 vampire magi
  2 deep troll shamans
  21 dancing weapons
  8 tengu warriors
  10 thrashing horrors
  8 spriggan berserkers
  2 shock serpents (shapeshifter) (Vaults:5)
  5 orc high priests (Orc:2)
  15 hell knights
  5 soul eaters
  A sun demon (Depths:4)
  11 deep elf knights
  2 titan skeletons (Depths:1)
  4 iron trolls
  6 wretched stars
  A fire crab (shapeshifter) (Abyss:4)
  Sonja (D:13)
  A sun moth (Spider:1)
  Amaemon (Lair:2)
  2 shadow wraiths (WizLab)
  6 pharaoh ants
  17 sea snakes
  5 sixfirhies
  2 golden dragon zombies
  6 skeletal warriors
  2 storm dragon skeletons (Depths:1)
  A spark wasp zombie (Depths:1)
  8 steelbarb worms
  2 orange crystal statues
  8 flayed ghosts (Depths:1)
  5 bog bodies (Shoals:3)
  4 glowing orange brains
  A kraken simulacrum (Shoals:4)
  10 orb spiders
  An obsidian statue (WizLab)
  Pikel (D:8)
  51 deep trolls
  12 deep elf archers
  10 wizards
  8 orc knights
  A shadow dragon zombie (Depths:1)
  17 ironbound convokers
  3 lindwurms
  13 harpies
  2 sphinx zombies
  A golden dragon skeleton (Depths:2)
  34 starcursed masses
  30 deep elf pyromancers
  7 necromancers
  14 wolf spiders
  6 orc sorcerers
  2 iron dragon zombies
  9 fauns
  3 shining eyes
  A frost giant zombie (Depths:1)
  7 cyclopes
  19 manticores
  28 deep elf zephyrmancers
  A cyclops (shapeshifter) (Vaults:3)
  4 worldbinders
  13 moths of wrath
  18 ugly things
  3 black mambas (Lair:3)
  3 fire giant skeletons (Depths:1)
  A tengu skeleton (Depths:1)
  Maurice (Orc:1)
  2 salamanders
  2 guardian serpents
  A sphinx skeleton (Depths:2)
  10 merfolk sirens
  11 apocalypse crabs
  3 naga magi (Vaults:2)
  2 rust devils (Depths:2)
  15 vault sentinels
  3 frost giant skeletons
  2 gargoyles
  6 water nymphs
  6 smoke demons
  10 cane toads
  3 eyes of devastation
  A human zombie (Vaults:4)
  2 rime drakes
  3 orange demons
  A torpor snail (Spider:4)
  Psyche (D:8)
  2 kobold demonologists (D:13)
  An unseen horror (D:12)
  3 efreet
  6 komodo dragons
  6 freezing wraiths
  2 tengu conjurers
  A komodo dragon (shapeshifter) (D:15)
  20 yaktaurs
  4 ice devils
  Maggie (D:8)
  21 merfolk
  7 demonic crawlers
  3 tormentors (Depths:2)
  An anaconda simulacrum (IceCv)
  A hellwing (Abyss:3)
  A yaktaur skeleton (Vaults:4)
  4 trolls
  5 ancient zymes
  11 large abominations
  26 tarantellas
  22 blink frogs
  A hornet (shapeshifter) (Elf:2)
  A tengu simulacrum (Depths:1)
  8 polar bears
  Prince Ribbit (D:9)
  10 small abominations
  12 snapping turtles
  11 wind drakes
  98 slime creatures
  20 raiju
  6 hornets
  A dream sheep (Lair:5)
  18 jumping spiders
  3 spriggan zombies
  4 flying skulls (Depths:1)
  3 spriggan skeletons (Depths:1)
  Sigmund (D:4)
  A spriggan (shapeshifter) (Abyss:4)
  21 spriggans
  An ettin skeleton (Abyss:3)
  An air elemental (Elf:3)
  21 culicivoras
  6 wyverns
  2 dire elephant simulacra (IceCv)
  18 water elementals
  A shadow (D:11)
  6 ynoxinuls
  2 vampires
  6 wraiths
  39 yaks
  5 basilisks
  2 fire bats (Abyss:3)
  2 fire elementals
  2 chaos spawn (Depths:2)
  10 humans (D:14)
  4 hogs
  4 neqoxecs
  21 golden eyes
  3 steam dragons
  37 redbacks
  11 vampire mosquitoes
  Menkaure (D:7)
  5 spatial vortices (WizLab)
  A swamp worm (shapeshifter) (Vaults:5)
  6 wargs
  2 harpy simulacra (IceCv)
  An acid dragon (shapeshifter) (Elf:2)
  14 water moccasins
  2 acid dragons
  2 human skeletons (WizLab)
  2 hell hounds
  3 glowing shapeshifter skeletons
  4 ice beasts
  A sky beast (D:6)
  Pargi (Sewer)
  41 orc warriors
  An alligator simulacrum (IceCv)
  7 black bears
  14 ogres
  7 boggarts
  25 wolves
  4 phantoms
  7 centaurs
  A lemure (D:8)
  A kobold brigand (D:6)
  3 earth elementals
  3 necrophages
  Blork the orc (D:4)
  14 bullfrogs
  6 scorpions
  2 gnoll sergeants
  A human simulacrum (Depths:1)
  8 wights
  3 killer bees (D:11)
  2 lindwurm simulacra (IceCv)
  A vampire bat (Vaults:2)
  2 electric eels
  3 howler monkeys
  A quasit (Abyss:3)
  4 hounds
  2 jellies
  A gnoll bouda (D:6)
  30 orc priests
  4 iguanas
  2 iron imps
  Jessica (D:3)
  35 orc wizards
  Natasha (thrice) (D:3)
  5 hell rats (Lair:2)
  Robin (D:3)
  14 gnolls
  8 adders
  2 shadow imps
  2 white imps
  6 ufetubi
  6 worms
  2 dart slugs (D:2)
  115 orcs
  12 bats
  3 bat zombies (D:6)
  9 endoplasms
  11 giant cockroaches (D:2)
  18 goblins
  6 hobgoblins
  4 jackals (D:3)
  5 quokkas
  7 ball pythons
  4 frilled lizards
  10 kobolds
  5 rats
  A rat zombie (D:6)
  3 lurking horrors
  11 starspawn tentacles
  5 tentacles (Shoals:2)
2310 creatures vanquished.

Vanquished Creatures (collateral kills)
  A dread lich (Vaults:5)
  The ghost of MackTheFife the Unspoiled, a veteran HOGl of Qazlal (Vaults:2)
  A golden dragon (Depths:4)
  A bone dragon (Depths:4)
  2 tentacled monstrosities
  A lich (Depths:3)
  A titan (Vaults:5)
  A death cob (Zot:1)
  A storm dragon (Zot:1)
  A tengu reaver (Vaults:5)
  3 shadow dragons
  A draconian knight (Zot:1)
  A vault warden (Vaults:5)
  2 draconian scorchers (Zot:1)
  4 very ugly things (Depths:4)
  2 draconian annihilators (Zot:1)
  A green draconian (Zot:1)
  A spark wasp (Depths:4)
  2 black draconians
  2 white draconians
  3 purple draconians (Zot:1)
  A red draconian (Zot:1)
  2 yellow draconians (Zot:1)
  3 ettins
  A deep elf death mage (Vaults:5)
  A fire dragon (Depths:3)
  An ice dragon (Depths:3)
  2 hell hogs (Depths:4)
  A hell knight (Depths:4)
  A salamander mystic (Depths:4)
  An ironbound convoker (Vaults:5)
  A phantasmal warrior (Vaults:2)
  2 salamanders (Depths:4)
  An ugly thing (Depths:4)
  4 moths of wrath (Zot:1)
  2 smoke demons (Depths:4)
  2 freezing wraiths (Vaults:2)
  A water elemental (Depths:4)
  A fire elemental (Depths:4)
61 creatures vanquished.

Vanquished Creatures (others)
  An eldritch tentacle (WizLab)
  A yellow draconian (Zot:1)
  A purple draconian (Zot:1)
  A water nymph (Shoals:3)
  A water elemental (Shoals:3)
  2 humans (Shoals:1)
  A naga (Abyss:4)
  A large abomination (Abyss:3)
  An orc priest (Orc:2)
  A bush (Lair:2)
  64 fungi
  285 plants
  23 starspawn tentacles
  7 tentacles
  9 withered plants
399 creatures vanquished.

Grand Total: 2770 creatures vanquished

Notes
Turn   | Place    | Note
-------+----------+-------------------------------------------
     0 | D:1      | wingedge the Demigod Ice Elementalist began the quest for
                  | the Orb.
     0 | D:1      | Reached XP level 1. HP: 14/14 MP: 5/5
   191 | D:1      | Reached XP level 2. HP: 20/20 MP: 5/7
  1121 | D:2      | Identified the ring "Saonnicy" {EV+4 Int+5}
  1184 | D:2      | Reached XP level 3. HP: 26/26 MP: 5/8
  1267 | D:2      | Learned a level 3 spell: Ozocubu's Armour
  1314 | D:2      | Reached skill level 5 in Ice Magic
  1452 | D:2      | Reached XP level 4. HP: 34/34 MP: 1/9
  1739 | D:2      | Reached skill level 1 in Fighting
  1743 | D:2      | Learned a level 3 spell: Frozen Ramparts
  2169 | D:2      | Reached skill level 2 in Fighting
  2282 | D:3      | Found a glowing drain.
  2294 | D:3      | Noticed Robin
  2297 | D:3      | Reached skill level 1 in Conjurations
  2320 | D:3      | Killed Robin
  2321 | D:3      | Reached XP level 5. HP: 24/41 MP: 6/10
  2469 | Sewer    | Entered a sewer
  2528 | Sewer    | Noticed Pargi
  2535 | Sewer    | Killed Pargi
  2687 | D:3      | Found Mythela's General Store.
  2749 | D:3      | Found Ostean's General Store.
  2762 | D:3      | Bought a scroll of identify for 28 gold pieces
  2776 | D:3      | Found Buaquwn's Armour Shop.
  2949 | D:3      | Reached XP level 6. HP: 45/50 MP: 1/11
  3108 | D:3      | Found Kiokumy's Magic Scroll Emporium.
  3246 | D:3      | Bought a scroll of identify for 22 gold pieces
  3246 | D:3      | Bought a scroll of magic mapping for 82 gold pieces
  3323 | D:3      | Noticed Natasha
  3349 | D:3      | Reached skill level 3 in Fighting
  3349 | D:3      | Killed Natasha
  3398 | D:3      | Noticed Natasha
  3407 | D:3      | Killed Natasha
  3481 | D:3      | Found Vuep's Antique Armour Boutique.
  3660 | D:3      | Noticed Natasha
  3670 | D:3      | Killed Natasha
  3896 | D:3      | Noticed Jessica
  3905 | D:3      | Killed Jessica
  4087 | D:4      | Noticed Sigmund
  4100 | D:4      | Killed Sigmund
  4101 | D:4      | Reached XP level 7. HP: 50/57 MP: 3/13
  4649 | D:4      | Noticed Blork the orc
  4657 | D:4      | Killed Blork the orc
  4658 | D:4      | Reached skill level 4 in Fighting
  5132 | D:5      | Entered Level 5 of the Dungeon
  5480 | D:5      | Learned a level 4 spell: Hailstorm
  5564 | D:5      | Reached XP level 8. HP: 66/66 MP: 2/15
  5602 | D:5      | Identified the +4 quarterstaff "Hakakhly" {flame, rC+
                  | rCorr}
  5688 | D:5      | Reached skill level 1 in Air Magic
  5688 | D:5      | Reached skill level 1 in Poison Magic
  5961 | D:5      | Reached skill level 1 in Staves
  6115 | D:5      | Reached skill level 5 in Conjurations
  6871 | D:6      | Reached skill level 5 in Fighting
  7011 | D:6      | Identified the +1 ring mail of the Farmer {rPois rCorr
                  | Int+3}
  7252 | D:6      | Learned a level 3 spell: Mephitic Cloud
  7308 | D:6      | Found a staircase to the Ecumenical Temple.
  7321 | D:6      | Reached XP level 9. HP: 74/74 MP: 9/18
  8410 | D:7      | Noticed Menkaure
  8422 | D:7      | Killed Menkaure
  8881 | D:7      | Reached skill level 5 in Spellcasting
  9000 | D:7      | Learned a level 5 spell: Freezing Cloud
  9675 | D:3      | Bought a +2 helmet of intelligence for 236 gold pieces
 10319 | D:8      | Noticed Maggie
 10324 | D:8      | Killed Maggie
 10325 | D:8      | Reached skill level 1 in Polearms
 10347 | D:8      | Noticed Psyche
 10362 | D:8      | Killed Psyche
 10363 | D:8      | Reached XP level 10. HP: 81/81 MP: 0/22
 11012 | D:8      | Found a staircase to the Lair.
 11038 | D:8      | Found Siliun's Antique Armour Emporium.
 11051 | D:8      | Found Hubec's Jewellery Emporium.
 11098 | D:8      | Found Rumideus's Armour Shoppe.
 11145 | D:8      | Noticed Pikel
 11150 | D:8      | Killed Pikel
 11207 | D:8      | Found Oddin's Antique Armour Emporium.
 11526 | D:9      | Reached skill level 6 in Fighting
 12128 | D:9      | Noticed Prince Ribbit
 12134 | D:9      | Killed Prince Ribbit
 12338 | D:10     | Entered Level 10 of the Dungeon
 12435 | D:10     | Noticed a two-headed ogre
 12442 | D:10     | Killed a two-headed ogre
 12443 | D:10     | Reached skill level 10 in Ice Magic
 12443 | D:10     | Reached skill level 1 in Earth Magic
 12514 | D:10     | Noticed a tengu warrior
 12516 | D:10     | Noticed a tengu warrior
 12521 | D:10     | Killed a tengu warrior
 12527 | D:10     | Killed a tengu warrior
 12528 | D:10     | Reached XP level 11. HP: 73/90 MP: 2/24
 12965 | D:10     | Found a staircase to the Orcish Mines.
 13087 | D:10     | Noticed a two-headed ogre
 13090 | D:10     | Killed a two-headed ogre
 13661 | Lair:1   | Entered Level 1 of the Lair of Beasts
 13835 | Lair:1   | Reached skill level 1 in Evocations
 14067 | Lair:1   | Reached skill level 7 in Fighting
 14232 | Lair:1   | Learned a level 5 spell: Lee's Rapid Deconstruction
 15027 | Lair:2   | Noticed Amaemon
 15032 | Lair:2   | Killed Amaemon
 15034 | Lair:2   | Noticed a five-headed hydra
 15186 | Lair:2   | Reached skill level 5 in Earth Magic
 15224 | Lair:2   | Killed a five-headed hydra
 15499 | Lair:2   | Noticed Fannar
 15518 | Lair:2   | Killed Fannar
 15748 | Lair:2   | Reached XP level 12. HP: 100/100 MP: 17/27
 15780 | Lair:2   | Reached skill level 5 in Staves
 16961 | Lair:3   | Reached skill level 5 in Dodging
 16997 | Lair:3   | Noticed a four-headed hydra
 17008 | Lair:3   | Killed a four-headed hydra
 17169 | Lair:3   | Reached skill level 8 in Fighting
 17377 | Lair:3   | Reached skill level 1 in Armour
 17691 | Lair:3   | Found a hole to the Spider Nest.
 18050 | Lair:3   | Found a staircase to the Shoals.
 18222 | Lair:3   | Noticed a catoblepas
 18232 | Lair:3   | Killed a catoblepas
 19225 | Lair:4   | Found a staircase to the Slime Pits.
 19892 | Lair:5   | Entered Level 5 of the Lair of Beasts
 20399 | Lair:5   | Reached XP level 13. HP: 39/107 MP: 5/31
 20727 | Lair:5   | Reached skill level 10 in Spellcasting
 20737 | Lair:5   | Reached skill level 1 in Shields
 20853 | Lair:5   | Learned a level 7 spell: Ozocubu's Refrigeration
 20856 | Lair:5   | Learned a level 2 spell: Wereblood
 20859 | Lair:5   | Learned a level 2 spell: Sublimation of Blood
 20948 | Lair:5   | Reached skill level 1 in Necromancy
 20948 | Lair:5   | Reached skill level 1 in Transmutations
 21303 | D:8      | Bought the ring of Jesher {Fly rC+ Will+ rCorr Int+3} for
                  | 490 gold pieces
 22016 | Lair:5   | Reached skill level 5 in Polearms
 22897 | Orc:1    | Entered Level 1 of the Orcish Mines
 22918 | Orc:1    | Noticed Maurice
 22922 | Orc:1    | Killed Maurice
 23095 | Orc:2    | Entered Level 2 of the Orcish Mines
 24554 | Orc:2    | Found a staircase to the Elven Halls.
 25010 | Orc:2    | Noticed an orc warlord
 25023 | Orc:2    | Killed an orc warlord
 25024 | Orc:2    | Reached skill level 9 in Fighting
 25225 | Orc:2    | Reached XP level 14. HP: 118/118 MP: 16/32
 25537 | Orc:2    | Found Voyteid's Assorted Antiques.
 25686 | Orc:2    | Found Loacooze's Armour Shop.
 26441 | Orc:2    | Found Ekiolad's Book Boutique.
 26451 | Orc:2    | Found Emeer's Magic Scroll Shop.
 26460 | Orc:2    | Bought a scroll of identify for 22 gold pieces
 26840 | Orc:1    | Reached skill level 10 in Fighting
 26840 | Orc:1    | Reached skill level 5 in Shields
 27264 | Orc:2    | Bought the +1 buckler of Eternal Night {Int+5} for 432 gold
                  | pieces
 27494 | D:11     | You are sucked into a shaft and drop 2 floors!
 27660 | D:13     | Noticed Sonja
 27660 | D:13     | Killed Sonja
 28042 | D:13     | Found a runed translucent door.
 28550 | D:13     | Identified the +1 leather armour "Mujaetuq" {rCorr Dex+5
                  | SInv Stlth-}
 29167 | D:12     | Noticed Jorgrun
 29181 | D:12     | Killed Jorgrun
 29376 | D:12     | Reached skill level 11 in Fighting
 30816 | D:3      | Bought a pair of embroidered gloves for 210 gold pieces
 31141 | D:14     | Found a frozen archway.
 31276 | IceCv    | Entered an ice cave
 31433 | IceCv    | Found a transporter.
 31448 | IceCv    | Found a transporter.
 31635 | IceCv    | Identified the ring "Peegg" {Contam +Blink rPois rC++
                  | Dex+6}
 32143 | D:14     | Reached XP level 15. HP: 130/130 MP: 17/33
 32572 | D:14     | Found a gate to the Vaults.
 32700 | D:15     | Entered Level 15 of the Dungeon
 33325 | D:15     | Found a staircase to the Depths.
 33897 | D:15     | Found a runed translucent door.
 33932 | D:15     | Noticed Xaxav's ghost (adept GrMo)
 34494 | D:15     | Identified a scroll of acquirement
 34495 | D:15     | Acquired the Guide on Crystalline Conflict
 34719 | Spider:1 | Entered Level 1 of the Spider Nest
 35224 | Spider:1 | Reached skill level 10 in Earth Magic
 35811 | Spider:1 | Learned a level 3 spell: Stone Arrow
 36258 | Spider:2 | Reached skill level 12 in Fighting
 36549 | Spider:2 | Found a runed translucent door.
 36550 | Spider:2 | Noticed Qeujoin's ghost (adept FoAK)
 38755 | Spider:3 | Noticed Aizul
 38770 | Spider:3 | Killed Aizul
 39245 | Spider:3 | Reached XP level 16. HP: 139/139 MP: 4/35
 39518 | Spider:3 | Identified the +1 ring mail of the Illusory Tusks {+Inv
                  | Str+5 Int+3 Stlth+}
 39678 | Spider:4 | Entered Level 4 of the Spider Nest
 40617 | Spider:4 | Reached skill level 5 in Necromancy
 40813 | Spider:4 | Noticed Arachne
 40846 | Spider:4 | Killed Arachne
 42102 | Spider:4 | Reached skill level 13 in Fighting
 42323 | Spider:4 | Got a gossamer rune of Zot
 42590 | Shoals:1 | Entered Level 1 of the Shoals
 42756 | Shoals:1 | Noticed Kirke
 42765 | Shoals:1 | Killed Kirke
 44242 | Shoals:2 | Noticed a kraken
 44256 | Shoals:2 | Killed a kraken
 44438 | Shoals:2 | Found Qafei's Weapon Boutique.
 44724 | Shoals:2 | Reached skill level 10 in Polearms
 44923 | Shoals:2 | You are sucked into a shaft and drop 1 floor!
 45308 | Shoals:2 | Reached XP level 17. HP: 131/149 MP: 21/36
 46203 | Shoals:3 | Reached skill level 10 in Conjurations
 46448 | Shoals:3 | Identified the +1 pair of boots of Munul {rElec rN+ Will+
                  | Int+2}
 46648 | Shoals:3 | Learned a level 8 spell: Lehudib's Crystal Spear
 46891 | Shoals:3 | Found Uhomimpy's Book Shoppe.
 47297 | Shoals:3 | Bought a book of Transfigurations for 640 gold pieces
 47303 | Shoals:4 | Entered Level 4 of the Shoals
 47303 | Shoals:4 | Noticed Polyphemus
 47318 | Shoals:3 | Killed Polyphemus
 47701 | Shoals:4 | Identified the +4 ring mail of the Wasteland {Will+}
 48942 | Shoals:4 | Got a barnacled rune of Zot
 49385 | Shoals:4 | Noticed Mara
 49392 | Shoals:4 | Noticed wingedge's illusion
 49393 | Shoals:4 | Killed Mara
 49416 | Shoals:4 | Learned a level 5 spell: Irradiate
 50116 | Vaults:1 | Entered Level 1 of the Vaults
 50333 | D:3      | Bought a potion of heal wounds for 50 gold pieces
 50350 | D:3      | Bought a scroll of amnesia for 56 gold pieces
 50389 | D:3      | Bought a scroll of brand weapon for 104 gold pieces
 51106 | Vaults:1 | Reached XP level 18. HP: 124/158 MP: 22/37
 51303 | Vaults:1 | Found Juew's Jewellery Shop.
 52256 | Vaults:2 | Found a flickering gateway to a bazaar.
 52265 | Bazaar   | Entered a bazaar
 52280 | Bazaar   | Found Badilol's Antique Weapon Emporium.
 52301 | Bazaar   | Found Bytsuemuff's Weapon Shoppe.
 52317 | Bazaar   | Found Sockeo's Jewellery Shoppe.
 52317 | Bazaar   | Found Uppiytim's Weapon Emporium.
 52875 | Vaults:2 | Found a runed translucent gate.
 52875 | Vaults:2 | Found a runed translucent gate.
 52875 | Vaults:2 | Found a runed translucent gate.
 52876 | Vaults:2 | Noticed MackTheFife's ghost (veteran HOGl)
 53524 | Vaults:2 | Reached skill level 14 in Fighting
 53970 | Vaults:2 | Got the Writings on Formation
 54169 | Vaults:2 | Got the Dissertation on Changing
 54777 | Vaults:3 | Found Mucamuvi's Weapon Shoppe.
 54837 | Vaults:3 | Noticed Asterion
 54841 | Vaults:3 | Killed Asterion
 55181 | Vaults:3 | Reached XP level 19. HP: 168/168 MP: 28/39
 55737 | Vaults:3 | Noticed Boris
 55746 | Vaults:3 | Killed Boris
 56297 | Vaults:3 | Found Defio's Book Emporium.
 56387 | Vaults:3 | Found a staircase to the Crypt.
 56490 | Vaults:3 | Found Daeludd's General Store.
 56673 | Vaults:3 | Found Qiodur's Weapon Boutique.
 58382 | Vaults:4 | Noticed Boris
 58407 | Vaults:4 | Killed Boris
 58608 | Vaults:4 | Reached skill level 5 in Armour
 59870 | Elf:1    | Entered Level 1 of the Elven Halls
 60045 | Elf:1    | Got Mnoleg's Compilation of the Retinue
 60306 | Elf:1    | Reached skill level 15 in Fighting
 60385 | Elf:1    | Learned a level 5 spell: Yara's Violent Unravelling
 61216 | Elf:2    | Found a runed translucent gate.
 61219 | Elf:2    | Found a runed translucent gate.
 61220 | Elf:2    | Found a runed translucent gate.
 61256 | Elf:2    | Found a magical portal.
 61268 | WizLab   | Entered The Roulette of Golubria
 61268 | WizLab   | Found a transporter.
 61347 | WizLab   | Found the +2 cloak of the Thief {*Fog Slay-2 SInv Stlth+}
 61353 | WizLab   | Reached XP level 20. HP: 176/178 MP: 15/40
 61511 | WizLab   | Found a transporter.
 61661 | WizLab   | Found a transporter.
 61663 | WizLab   | Found a transporter.
 61663 | WizLab   | Found a transporter.
 61702 | WizLab   | Found a transporter.
 61893 | WizLab   | Found a transporter.
 62012 | WizLab   | Found a transporter.
 62062 | WizLab   | Found a transporter.
 62083 | WizLab   | Found a transporter.
 62174 | WizLab   | Found a transporter.
 62174 | WizLab   | Found a transporter.
 62213 | WizLab   | Found a transporter.
 62213 | WizLab   | Found a transporter.
 62285 | WizLab   | Found a transporter.
 62360 | WizLab   | Found a transporter.
 62453 | WizLab   | Found a transporter.
 62529 | WizLab   | Found a transporter.
 62545 | WizLab   | Got Golubria's Exposition on Transposition
 62646 | WizLab   | Found a transporter.
 62648 | WizLab   | Identified the +0 cloak of the Lair of Beasts {Int-2 Dex+3
                  | Slay+6}
 62649 | WizLab   | Found the +1 cloak of Starlight {*Dazzle EV+4 Stlth--}
 62650 | WizLab   | Found a transporter.
 62655 | WizLab   | Got Golubria's Volume of Wanderlust
 62660 | WizLab   | Identified the +1 cloak of the Nine Continents {-Tele Str+4
                  | Dex+3}
 64455 | Elf:3    | Entered Level 3 of the Elven Halls
 65040 | Elf:3    | Identified the +9 battleaxe "Ehaonive" {pain, *Noise *Slow
                  | Str+7 Dex+2}
 65226 | Elf:3    | Identified the +10 dagger of Depsuegh {protect, Fly rF++
                  | rC- Int+4}
 65311 | Elf:3    | Identified the ring "Guubiom" {Wiz rF++ MP+9 Str-4}
 65311 | Elf:3    | Identified the +9 spear "Hoppyxah" {vorpal, Stlth+}
 65569 | Elf:3    | Got the Treatise on Allied Lightning
 65710 | Elf:3    | Found a portal to a secret trove of treasure.
 66615 | Vaults:5 | Entered Level 5 of the Vaults
 66625 | Vaults:5 | Reached skill level 16 in Fighting
 66625 | Vaults:5 | Reached skill level 1 in Throwing
 66626 | Vaults:5 | Reached skill level 5 in Transmutations
 66661 | Vaults:5 | Noticed an ancient lich
 66730 | Vaults:5 | Reached XP level 21. HP: 137/188 MP: 32/41
 66862 | Vaults:5 | Identified the +6 quarterstaff of True Grit {venom, rC+}
 66951 | Vaults:5 | Killed an ancient lich
 66959 | Vaults:5 | Noticed a dread lich
 66989 | Vaults:5 | Killed a dread lich
 67226 | Vaults:5 | Noticed an ancient lich
 67236 | Vaults:5 | Killed an ancient lich
 67275 | Vaults:5 | Found Ejopnaod's Antique Armour Boutique.
 67289 | Vaults:5 | Got a silver rune of Zot
 67306 | Vaults:5 | Noticed a dread lich
 67314 | Vaults:5 | Killed a dread lich
 67596 | Vaults:5 | Reached skill level 10 in Dodging
 67615 | Vaults:5 | Reached skill level 10 in Shields
 67840 | Vaults:5 | Identified the amulet of Diep {Spirit Rampage Dex+2}
 68485 | Elf:3    | You paid a toll of +3 ice dragon scales to enter a treasure
                  | trove
 68486 | Trove    | Entered a treasure trove
 68504 | Trove    | Identified the +5 trident of Foolhardiness {venom, +Blink}
 69397 | Vaults:5 | Reached skill level 15 in Earth Magic
 70717 | Shoals:3 | Bought a book of Dangerous Friends for 640 gold pieces
 70717 | Shoals:3 | Bought a book of Unlife for 576 gold pieces
 70717 | Shoals:3 | Bought a manual of Hexes for 1280 gold pieces
 70717 | Shoals:3 | Bought a Necronomicon for 896 gold pieces
 70727 | Shoals:3 | Learned a level 8 spell: Necromutation
 70872 | Slime:1  | Entered Level 1 of the Pits of Slime
 71460 | Slime:1  | Gained mutation: You are frail. (-10% HP) [mutagenic glow]
 71461 | Slime:1  | Lost mutation: You are frail. (-10% HP) [potion of
                  | mutation]
 71461 | Slime:1  | Gained mutation: Your spells are a little harder to cast,
                  | but a little more powerful. [potion of mutation]
 71461 | Slime:1  | Gained mutation: You are frail. (-10% HP) [potion of
                  | mutation]
 71462 | Slime:1  | Lost mutation: Your spells are a little harder to cast, but
                  | a little more powerful. [potion of mutation]
 71462 | Slime:1  | Lost mutation: You are frail. (-10% HP) [potion of
                  | mutation]
 71462 | Slime:1  | Gained mutation: You have a pair of small horns on your
                  | head. [potion of mutation]
 71463 | Slime:1  | Lost mutation: You have a pair of small horns on your head.
                  | [potion of mutation]
 71463 | Slime:1  | Gained mutation: Your flesh is heat resistant. (rF+)
                  | [potion of mutation]
 71463 | Slime:1  | Gained mutation: You are resistant to electric shocks.
                  | (rElec) [potion of mutation]
 72572 | Slime:3  | Reached skill level 10 in Necromancy
 73027 | Slime:3  | Gained mutation: You are weak. (Str -2) [a shining eye]
 73270 | Slime:5  | Entered Level 5 of the Pits of Slime
 73420 | Slime:5  | Noticed the Royal Jelly
 73638 | Slime:5  | Killed the Royal Jelly
 73639 | Slime:5  | Reached XP level 22. HP: 159/195 MP: 25/44
 74440 | Slime:5  | Reached skill level 10 in Transmutations
 74615 | Slime:5  | Found the +0 staff of Battle
 74623 | Slime:5  | Got Jithruz's Almanac of Grisly Forms
 74650 | Slime:5  | Got the Treatise on Wintry Peregrination
 74665 | Slime:5  | Identified the +5 plate armour of Wikhletre {Dex+3}
 74695 | Slime:5  | Got a slimy rune of Zot
 74750 | Slime:5  | Got Nedukkat's Anthology of Guile
 75392 | Depths:1 | Entered Level 1 of the Depths
 75469 | Depths:1 | Found a transporter.
 75473 | Depths:1 | Noticed Gucom's ghost (veteran GnFi)
 75473 | Depths:1 | Noticed a caustic shrike
 75487 | Depths:1 | Found Qose Veu's Magic Scroll Shoppe.
 75659 | Depths:1 | Found a gateway to Hell.
 76454 | Depths:1 | Found a one-way gate leading to the halls of Pandemonium.
 76830 | Depths:1 | Noticed Boris
 76835 | Depths:1 | Killed Boris
 77518 | Depths:1 | Found a transporter.
 78142 | Depths:2 | Found a large runed translucent door.
 78143 | Depths:2 | Found a large runed translucent door.
 78247 | Depths:2 | Identified the +2 dagger of the Shallot {vorpal, Contam Fly
                  | rElec Dex+3}
 79076 | Depths:2 | Noticed Boris
 79081 | Depths:2 | Killed Boris
 79190 | Depths:2 | Found Zoskacag's Book Emporium.
 79720 | Depths:2 | Noticed a royal mummy
 79729 | Depths:2 | Killed a royal mummy
 80484 | Depths:2 | Identified the +7 sling "Nosaran" {freeze, Int+3}
 80490 | Depths:2 | Identified the +3 leather armour of Wisdom {MP+9}
 80637 | Depths:3 | Reached XP level 23. HP: 191/204 MP: 22/46
 80818 | Depths:3 | Noticed Louise
 80833 | Depths:3 | Killed Louise
 80974 | Depths:3 | Found a one-way gate to the infinite horrors of the Abyss.
 81045 | Depths:3 | Voluntarily entered the Abyss.
 81412 | Abyss:3  | Paralysed by accursed screaming for 1 turns
 81427 | Abyss:3  | Paralysed by accursed screaming for 1 turns
 81630 | Abyss:3  | Reached skill level 17 in Fighting
 81704 | Abyss:3  | Paralysed by accursed screaming for 1 turns
 82107 | Abyss:4  | Reached skill level 1 in Hexes
 82218 | Depths:3 | Escaped the Abyss
 82424 | Depths:3 | Voluntarily entered the Abyss.
 82439 | Abyss:4  | Paralysed by accursed screaming for 2 turns
 82447 | Abyss:4  | Got an abyssal rune of Zot
 82702 | Depths:3 | Escaped the Abyss
 83162 | Orc:2    | Bought a scroll of brand weapon for 275 gold pieces
 83168 | Orc:2    | Learned a level 1 spell: Magic Dart
 83177 | Orc:2    | Learned a level 7 spell: Spellforged Servitor
 83239 | Orc:2    | Bought a scroll of enchant weapon for 82 gold pieces
 84225 | Depths:1 | Bought a scroll of blinking for 127 gold pieces
 84276 | Depths:3 | Found a one-way gateway to a ziggurat.
 84600 | Depths:3 | Reached skill level 1 in Summonings
 84606 | Depths:3 | Noticed a juggernaut
 84877 | Depths:3 | Reached skill level 5 in Stealth
 85203 | Depths:3 | Learned a level 2 spell: Wereblood
 85456 | D:15     | Killed Xaxav's ghost
 85733 | Spider:2 | Killed Qeujoin's ghost
 86423 | Vaults:2 | Killed MackTheFife's ghost
 86732 | Depths:1 | Learned a level 6 spell: Death Channel
 86948 | Depths:4 | Entered Level 4 of the Depths
 86948 | Depths:4 | Found a flickering gateway to a bazaar.
 86969 | Depths:4 | Reached skill level 1 in Fire Magic
 87058 | Bazaar   | Entered a bazaar
 87079 | Bazaar   | Found Fuofothai's Distillery.
 87090 | Bazaar   | Found Nirphaick's Armour Emporium.
 87110 | Bazaar   | Found Yshrayw's Antique Armour Shoppe.
 87149 | Bazaar   | Found Ekkeafon's Weapon Emporium.
 87194 | Bazaar   | Found Iplezix's General Store.
 87241 | Bazaar   | Bought a warped buckler for 332 gold pieces
 87241 | Bazaar   | Identified the +0 buckler of Subjectivity {+Inv rElec rN+}
                  | (You bought it in a shop in a bazaar)
 87362 | Bazaar   | Bought a potion of haste for 180 gold pieces
 87484 | Depths:4 | Found a gate to the Realm of Zot.
 88103 | Depths:4 | Reached XP level 24. HP: 210/214 MP: 29/47
 88517 | Zot:1    | Entered Level 1 of the Realm of Zot
 88987 | Zot:1    | Reached skill level 5 in Summonings
 89929 | Zot:1    | Reached skill level 5 in Fire Magic
 89950 | Zot:1    | Reached skill level 5 in Evocations
 90225 | Zot:1    | Learned a level 4 spell: Passage of Golubria
 90632 | Zot:2    | Found the +4 dragonskin cloak
 90632 | Zot:2    | Noticed Tiamat
 90827 | Zot:2    | Noticed an orb of fire
 90843 | Zot:1    | HP: 5/214 [death cob (9)]
 90843 | Zot:1    | Demolished by a death cob

Illustrated notes

Levels and vault maps discovered:
D:1:      erik_arrival_cave_to_civilisation [erik_arrival_cave_to_hall],
          layout_rooms, shapermc_ecumenical_altar_venn
D:2:      minmay_roachtagon, layout_basic, basic_altar,
          chequers_serial_rivers_room_b
D:3:      layout_loops_ring, lemuel_crystal_altar, mainiacjoe_overflow_catwalk,
          cheibrodos_sewer_entry_bend, serial_shops,
          nicolae_shop_window_shopping, nicolae_shop_advertising_works
          [nicolae_subvault_shop_adworks], nicolae_shop_hallway_plus,
          nicolae_lakefront_shop, nicolae_shop_trees, uniq_jessica, uniq_robin,
          uniq_natasha
D:4:      layout_loops_ring, nicolae_ru_awakened_eye, uniq_blork_the_orc,
          uniq_sigmund
D:5:      layout_loops_cross, nicolae_overflow_hidden_temple,
          mainiacjoe_overflow_alcove_2
D:6:      layout_cave_pools, lemuel_zombie_altar_kikubaaqudgha, fedhas_altar_1,
          temple_pool_b
D:7:      layout_loops_corners, lemuel_round_altar, minmay_misc_feat_roman,
          uniq_menkaure
D:8:      layout_cave_pools, mainiacjoe_overflow_alcove_4, tgw_xom,
          grunt_lair_entry_orc_guard_hut, serial_shops, shop_fountains,
          nicolae_shop_temple_entry_statues_fountains, shop, shop, uniq_maggie,
          uniq_psyche, uniq_pikel
D:9:      layout_rooms, lightli_temple_of_fire, mainiacjoe_overflow_24_doors,
          nicolae_elevator_lobby_plus, uniq_prince_ribbit1
D:10:     layout_rooms, lemuel_tele_altar, erik_orc_2, fountainhead,
          minmay_misc_feat_four_crosses
D:11:     layout_roguey, st_stairs_7
D:12:     layout_roguey, grunt_gozag_breadcrumbs, uniq_jorgrun
D:13:     layout_roguey, wad_hexagon, uniq_sonja
D:14:     layout_irregular_city, ximxim_vaults_locker_room,
          portal_ice_cave_entry_dragon, dreamdust_princess_corridor,
          kennysheep_minor_cross
D:15:     gammafunk_depths_entry_grave, layout_basic, serial_rivers,
          chequers_serial_rivers_large_a, chequers_serial_rivers_small_b,
          chequers_serial_rivers_micro_d, chequers_serial_rivers_micro_b,
          chequers_serial_rivers_micro_d, ebering_ghost_reflecting_pool,
          minmay_increasing_density
Lair:1:   layout_small_grid, chequers_serial_rivers_small_b,
          serial_bayou_crossing, lemuel_fruit_fields
Lair:2:   layout_small_grid, basic_altar, uniq_amaemon, uniq_fannar
Lair:3:   layout_regular_city, elwin_shoals_entry_stream, dummy_spider_entry,
          serial_bayou_lagoon_b, grunt_megastairs_4
Lair:4:   layout_hall_layers, dpeg_slime_entry_enclosed
Lair:5:   minmay_lair_end_enchanted_forest, layout_hall_layers, wad_woods_01
Shoals:1: layout_shoals, uniq_kirke
Shoals:2: layout_shoals, nicolae_stop_n_shop_2
Shoals:3: layout_shoals, serial_shops, nicolae_shop_hallway_stairs,
          nicolae_shoals_secluded_bog
Shoals:4: shoals_end_grunt_ice, layout_shoals, hangedman_shoals_cup_caves,
          uniq_polyphemus, uniq_mara
Spider:1: layout_spider_delve
Spider:2: layout_spider_delve, gammafunk_ghost_grave, hellmonk_spider_spawner,
          nicolae_spider_cling_halls
Spider:3: layout_spider_delve, uniq_aizul
Spider:4: guppyfry_spider_rune, uniq_arachne
Slime:1:  layout_caves
Slime:2:  layout_caves
Slime:3:  layout_caves
Slime:4:  layout_caves, cheibrodos_slime_lost_civilization_6
Slime:5
Orc:1:    layout_caves, uniq_maurice
Orc:2:    pubby_orc_utopia
Elf:1:    eino_elf_arrival_sip, layout_onion_city, minmay_elf_demonology
Elf:2:    elven_hall_of_blades_hangedman_original
          [nicolae_blade_entry_antechamber], layout_loops_cross,
          infiniplex_enter_wizlab_water, kilobyte_mutagenic_chamber
Elf:3:    grunt_elf_hall_spiral, layout_gridlike, nicolae_trove_entry_isolated,
          minivault_16
Vaults:1: nicolae_vaults_network_star, dpeg_vaults_monster_row, v_alt_pattern_1,
          ontoclasm_vaults_shuriken, grunt_vaults_bifocal,
          grunt_vaults_hallway_long, vaults_mumra_chevron, v_misc_22,
          vaults_room_ringed_pool, v_misc_13, v_misc_27, layout_vaults_maze,
          serial_shops, shop
Vaults:2: gammafunk_ghost_spectres, nicolae_vaults_circle_grid_a,
          hangedman_vaults_hat, vaults_room_glass_cross, v_misc_25, v_rooms_4,
          nicolae_vaults_ring_of_whatevers, nicolae_vaults_rhombus_6,
          hangedman_vaults_pinch, layout_vaults_ring, serial_hangedman_research,
          hangedman_research_metamorphosis, hangedman_research_convocations,
          serial_shops, bzr_entry_dummy
Vaults:3: minmay_crypt_entry_simple_sparse, vaults_dpeg_spiral,
          vaults_mumra_hex, nicolae_vaults_asterisk, nicolae_vaults_big_ls,
          grunt_vaults_hallway_short, v_misc_2, hangedman_vaults_nails,
          vaults_room_corners, ontoclasm_vaults_echo, ontoclasm_vaults_spin,
          v_alt_pattern_4, vaults_dpeg_hooks, nicolae_vaults_little_squares_1,
          layout_vaults_omnibox, serial_shops,
          nicolae_shop_temple_entry_statues_fountains,
          nicolae_shop_bloodbath_and_beyond, nicolae_diamond_shop, shop,
          uniq_boris, uniq_asterion
Vaults:4: v_misc_29, ontoclasm_vaults_fault, nicolae_vaults_fighting_squares,
          vaults_room_hallway, v_misc_16, nicolae_vaults_theta,
          nicolae_vaults_puzzle_piece, v_misc_23, v_pattern_4,
          vaults_room_corners, serial_ice_b, hangedman_vaults_maws,
          ontoclasm_vaults_claustrophobia, v_misc_25, grunt_vaults_hallway_long,
          layout_vaults_big_cross
Vaults:5
Depths:1: hangedman_screamer, layout_honeycomb, rand_demon_pan_entry_4,
          hell_entry, chequers_serial_rivers_marsh,
          gammafunk_ghost_berserking_beasts, serial_shops,
          nicolae_shop_hallway_plus, minivault_16,
          nicolae_wu_jian_immortal_techniques
Depths:2: lightli_eight_chambers, layout_basic, hell_entry, serial_shops,
          shop_statue, minmay_tree_intersection, grunt_pan_entry_in_and_out,
          infiniplex_staircase_pool_2
Depths:3: hangedman_stitches_corridor, layout_basic, enter_ziggurat_f,
          hell_entry, nicolae_abyss_entry_one_way_or_another,
          serial_bayou_ford_a, infiniplex_staircase_trident
Depths:4: evilmike_zot_entry_diamond, layout_gridlike, hellmouth_3, abyss_entry,
          serial_corexii_hall, chequers_hall_statues_wall_a,
          corexii_hall_statues_s, serial_shops, freezing_bzr
Zot:1:    gammafunk_mikee_crab_dinner, layout_cathedral_of_symmetry,
          zot_minivault_6
Zot:2:    layout_onion_interference, uniq_tiamat

Skill      XL: |  1  2  3  4  5  6  7  8  9 10 11 12 13 14 15 16 17 18 19 20 21 22 23 24 |
---------------+-------------------------------------------------------------------------+-----
Stealth        | 2 6 7 |  7.0
Dodging        | 2 3 4 6 7 8 9 10 11 | 11.0
Spellcasting   | 2 3 4 6 7 9 10 11 12 13 14 | 14.7
Ice Magic      | 4 5 6 7 8 10 11 12 13 | 13.0
Fighting       | 2 3 4 5 6 7 8 9 11 12 13 14 15 16 17 | 17.0
Conjurations   | 1 3 4 5 9 10 11 12 14 | 14.2
Air Magic      | 1 4 |  4.0
Poison Magic   | 1 |  1.0
Staves         | 2 3 4 5 |  5.1
Polearms       | 2 4 6 7 10 11 12 13 | 13.6
Earth Magic    | 2 5 6 7 9 10 11 12 13 14 15 16 | 16.0
Evocations     | 2 3 5 |  5.4
Armour         | 1 2 3 6 8 |  8.0
Shields        | 4 5 6 7 8 9 10 11 | 11.0
Necromancy     | 4 5 6 7 10 13 | 13.0
Transmutations | 2 3 4 5 9 12 13 | 13.0
Throwing       | 1 2 |  2.0
Hexes          | 4 |  4.0
Summonings     | 4 5 |  5.0
Fire Magic     | 2 5 |  5.4

Action                   |  1- 3 |  4- 6 |  7- 9 | 10-12 | 13-15 | 16-18 | 19-21 | 22-24 || total
-------------------------+-------+-------+-------+-------+-------+-------+-------+-------++-------
Melee: Mace              |     4 |       |       |       |       |       |       |       ||     4
       Short sword       |       |    38 |       |       |       |       |       |       ||    38
       Punch             |       |     1 |     1 |     5 |       |       |       |       ||     7
       Dagger            |       |    13 |    42 |       |       |       |       |    11 ||    66
       Quarterstaff      |       |       |    68 |    12 |       |       |       |       ||    80
       Lance             |       |       |       |   133 |   407 |   203 |    35 |    25 ||   803
       Staff             |       |       |       |    23 |     3 |       |       |    51 ||    77
       Trident           |       |       |       |       |       |    78 |    26 |   355 ||   459
       Demon trident     |       |       |       |       |       |    29 |       |    19 ||    48
Throw: Javelin           |       |       |       |       |       |       |       |     3 ||     3
 Cast: Freeze            |    56 |    39 |    27 |    33 |       |       |       |       ||   155
       Ozocubu's Armour  |     2 |    11 |    24 |    29 |    54 |    30 |    23 |    21 ||   194
       Frozen Ramparts   |       |    20 |    25 |     9 |       |       |       |       ||    54
       Hailstorm         |       |       |    72 |   102 |    98 |    17 |       |       ||   289
       Mephitic Cloud    |       |       |     3 |     3 |     9 |       |       |       ||    15
       Freezing Cloud    |       |       |     1 |    55 |   105 |    38 |     1 |       ||   200
       Lee's Rapid Decon |       |       |       |    14 |   180 |   225 |   401 |   232 ||  1052
       Sublimation of Bl |       |       |       |       |    74 |   191 |   186 |   210 ||   661
       Wereblood         |       |       |       |       |    40 |    17 |    16 |     1 ||    74
       Ozocubu's Refrige |       |       |       |       |   120 |   321 |   175 |    22 ||   638
       Stone Arrow       |       |       |       |       |       |     2 |       |       ||     2
       Irradiate         |       |       |       |       |       |    12 |    14 |    12 ||    38
       Lehudib's Crystal |       |       |       |       |       |       |    81 |   282 ||   363
       Yara's Violent Un |       |       |       |       |       |       |    13 |    32 ||    45
       Necromutation     |       |       |       |       |       |       |       |    45 ||    45
       Magic Dart        |       |       |       |       |       |       |       |    77 ||    77
       Spellforged Servi |       |       |       |       |       |       |       |    44 ||    44
       Death Channel     |       |       |       |       |       |       |       |    10 ||    10
       Passage of Golubr |       |       |       |       |       |       |       |     3 ||     3
 Abil: End Transformatio |       |       |       |       |       |       |       |    33 ||    33
Evoke: Wand              |       |       |     1 |       |       |       |     2 |     8 ||    11
       Phial of floods   |       |       |       |       |       |       |       |     1 ||     1
       Phantom mirror    |       |       |       |       |       |       |       |     1 ||     1
       Condenser vane    |       |       |       |       |       |       |       |     1 ||     1
  Use: Potion            |     1 |     1 |       |     5 |     7 |    19 |    24 |     5 ||    62
       Scroll            |       |     8 |     8 |     9 |    12 |    22 |    13 |    31 ||   103
 Stab: Sleeping          |     1 |       |     1 |       |       |       |       |       ||     2
       Confused          |       |       |       |     2 |     3 |       |       |       ||     5
       Invisible         |       |       |       |     1 |     2 |     5 |       |       ||     8
       Distracted        |       |       |       |       |       |     3 |       |    19 ||    22
       Paralysed         |       |       |       |       |       |       |       |     3 ||     3
       Petrifying        |       |       |       |       |       |       |       |     1 ||     1
Armor: Robe              |     4 |    16 |       |    29 |    54 |    18 |       |       ||   121
       Ring mail         |       |     5 |    35 |    38 |       |       |       |       ||    78
       Leather armour    |       |       |       |       |   160 |   148 |    60 |   180 ||   548
Dodge: Dodged            |    18 |    44 |   117 |   183 |   424 |   381 |   157 |   402 ||  1726
Block: Other             |       |     7 |    29 |    42 |       |       |       |       ||    78
       Reflection        |       |       |     1 |     1 |       |       |       |       ||     2
       Buckler           |       |       |       |     2 |   190 |   179 |    68 |   217 ||   656
